 Dungeon Crawl Stone Soup version 0.30-a0-949-g53dc5368d7 (webtiles) character file.

Game seed: 8840945961275605637

43 2tousent the Chopper (level 3, -1/33 HPs)
             Began as a Hill Orc Monk on Mar 27, 2023.
             Slain by a gnoll
             ... wielding a +0 flail
             ... led by a gnoll bouda
              (5 damage)
             ... on level 3 of the Dungeon.
             The game lasted 00:02:01 (1560 turns).

2tousent the Chopper (Hill Orc Monk)                Turns: 1560, Time: 00:02:01

Health: -1/33      AC:  6    Str: 15    XL:     3   Next: 58%
Magic:  3/3        EV: 11    Int: 10    God:
Gold:   162        SH:  0    Dex: 13    Spells: 2/2 levels left

rFire   . . .      SeeInvis .    a - +0 hand axe
rCold   . . .      Faith    .    (no shield)
rNeg    . . .      Spirit   .    h - +0 ring mail
rPois   .          Reflect  .    (no helmet)
rElec   .          Rampage  .    (no cloak)
rCorr   .                        e - +0 pair of gloves
Will    .....                    (no boots)
Stlth   +                        (no amulet)
HPRegen 0.25/turn                (no ring)
MPRegen 0.08/turn                (no ring)

@: attractive, flying, invisible
A: no striking features
a: no special abilities


You were on level 3 of the Dungeon.
You visited 1 branch of the dungeon, and saw 3 of its levels.

You collected 162 gold pieces.

Inventory:

Hand Weapons
 a - a +0 hand axe (weapon)
Armour
 b - a +0 robe
 e - a +0 pair of gloves (worn)
 h - a +0 ring mail (worn)
Scrolls
 d - 4 scrolls of identify {unknown}
 f - 2 scrolls of fear {unknown}
 i - a scroll of blinking {unknown}
 j - a scroll of enchant armour {unknown}
 l - a scroll of noise {unknown}
 m - a scroll of teleportation {unknown}
 n - a scroll of magic mapping {unknown}
 p - 2 scrolls of fog {unknown}
 q - a scroll of vulnerability {unknown}


   Skills:
 + Level 4.3 Fighting
 * Level 5.4 Axes
 - Level 2.4 Dodging
 - Level 1.5 Stealth


You had 2 spell levels left.
You didn't know any spells.
Your spell library contained the following spells:

 Spells                   Type           Power      Damage    Failure   Level
 Kiss of Death            Conj/Necr      0%         2d5       58%         1
 Static Discharge         Conj/Air       0%         2-2/arc   75%         2
 Confusing Touch          Hex            0%         N/A       92%         3
 Vhi's Electric Charge    Tloc/Air       0%         N/A       92%         3
 Dispel Undead            Necr           0%         3d6       100%        4
 Arcjolt                  Conj/Air       0%         1d10      100%        5
 Plasma Beam              Fire/Air       0%         2x1d11    100%        5


Dungeon Overview and Level Annotations

Branches:
Dungeon (3/15)

Altars:


Message History

The bat closely misses you.
It was a potion of invisibility.
You fade into invisibility!
The gnoll hits you but does no damage.
You are confused.
You feel invigorated. The gnoll barely misses you.
You're too confused to attack without stumbling around!
You're too confused to attack without stumbling around!
You're too confused to attack without stumbling around!
You bump into the rock wall.
The gnoll barely misses you.
You closely miss the gnoll. The gnoll closely misses you.
You bump into the rock wall.
You feel less invigorated.
You feel less confused. The gnoll barely misses you.
You hit the gnoll but do no damage. The gnoll hits you with a +0 flail.
You hit the gnoll.
The gnoll is lightly wounded.
The gnoll is no longer moving quickly.
The gnoll hits you with a +0 flail.
You hit the gnoll but do no damage.
The gnoll is lightly wounded.
The gnoll bouda barks out a call to the hunt!
The gnoll picks up the pace!
The gnoll hits you with a +0 flail.
You barely miss the gnoll.
The gnoll is lightly wounded.
The gnoll hits you with a +0 flail!
* * * LOW HITPOINT WARNING * * *
You hit the gnoll.
The gnoll is heavily wounded.
The gnoll closely misses you.
You hit the gnoll.
The gnoll is heavily wounded.
The gnoll is no longer moving quickly.
The gnoll misses you.
It was a potion of attraction.
You feel attractive to monsters.
The gnoll is no longer moving quickly.
The gnoll closely misses you.
It was a potion of flight.
You feel very buoyant.
You fly up into the air.
The gnoll hits you with a +0 flail.
You die...

#.#...#.# #.#...# #.......#
#.#(#.# #.....#.# #......
#.....#.# ..... #.......#
..####..######.####.###
(.............#......#
##...g.#.##......#)#
##......g#g@......#.####
#.......gb##.#.##(>....#
##.....gg###.#.####.##.#####
##.....## #...####....<...#
#...........#.......#.#[#.#
#.##.#.######.#####.......#
... #.#.# . #...<.#.# ..#.
#.#.# .. #...#.#.# ... .....
#.....#.#


You could see a gnoll bouda (unable to see you), 3 gnolls and a bat.

Vanquished Creatures
  A worm (D:2)
  2 dart slugs
  5 ball pythons
  7 bats
  4 endoplasms
  3 giant cockroaches
  3 goblins
  2 quokkas
  3 frilled lizards
  2 kobolds (D:1)
32 creatures vanquished.

Notes
Turn   | Place    | Note
-------+----------+-------------------------------------------
     0 | D:1      | 2tousent the Hill Orc Monk began the quest for the Orb.
     0 | D:1      | Reached XP level 1. HP: 19/19 MP: 1/1
   211 | D:1      | Reached XP level 2. HP: 26/27 MP: 2/2
   281 | D:1      | Found a faded altar of an unknown god.
   786 | D:2      | Reached skill level 5 in Axes
   841 | D:2      | Reached XP level 3. HP: 33/33 MP: 3/3
  1546 | D:3      | HP: 1/33 [gnoll/+0 flail[a gnoll bouda] (4)]
  1560 | D:3      | Slain by a gnoll

Illustrated notes

Levels and vault maps discovered:
D:1:      dpeg_arrival_more_subterranean_lakeside_camping, layout_basic,
          chequers_ecumenical_altar_simple_redux, dk_noncrumbling_4,
          chequers_serial_rivers_micro_a
D:2:      layout_loops_ring
D:3:      layout_loops_cross, minivault_19

Skill      XL: |  1  2 |
---------------+-------+-----
Fighting       | 4 |  4.3
Axes           | 5 |  5.4
Dodging        | |  2.4
Stealth        | |  1.5

Action                     || total
---------------------------++-------
  Melee: Hand axe          ||   147
    Use: Potion            ||     4
   Stab: Sleeping          ||     1
 Armour: Robe              ||     3
         Ring mail         ||    62
  Dodge: Dodged            ||   110

Table legend: (Time is in decaauts)
 A = Elapsed time spent in this place.
 B = Non-inter-level travel time spent in this place.
 C = Inter-level travel time spent in this place.
 D = Time resting spent in this place.
 E = Time spent auto-exploring this place.
 F = Levels seen in this place.
 G = Mean time per level.
                   A        B        C        D        E       F      G
               +--------+--------+--------+--------+--------+-----+--------+
         Total |   1569 |   1508 |     61 |      0 |   1156 |   3 |  523.0 |
       Dungeon |   1569 |   1508 |     61 |      0 |   1156 |   3 |  523.0 |
               +--------+--------+--------+--------+--------+-----+--------+

Top non-repeatable levels by time:
     D:2: 753 daAuts
     D:1: 708 daAuts
     D:3: 107 daAuts
